 Dungeon Crawl Stone Soup version 0.29.1-2-gbd0b4ee654 (webtiles) character file.

Game seed: 11129445237493406287

28 eriqlaplus the Conjurer (level 3, -1/17 HPs)
             Began as a Tengu Conjurer on Oct 31, 2022.
             Was a Follower of Hepliaklqana.
             Splashed by a jelly's acid (9 damage)
             ... on level 2 of the Dungeon.
             The game lasted 00:04:45 (1525 turns).

eriqlaplus the Conjurer (Tengu Conjurer)            Turns: 1525, Time: 00:04:46

Health: -1/17      AC:  2    Str:  7    XL:     3   Next: 12%
Magic:  4/7        EV: 12    Int: 20    God:    Hepliaklqana [*.....]
Gold:   50         SH:  0    Dex: 12    Spells: 5/6 levels left

rFire   . . .      SeeInvis .   k - +0 mace
rCold   . . .      Faith    .   (no shield)
rNeg    . . .      Spirit   .   a - +0 robe
rPois   .          Reflect  .   (helmet restricted)
rElec   .          Harm     .   (no cloak)
rCorr   .          Rampage  .   (no gloves)
Will    .....                   (boots unavailable)
Stlth   ++........              (no amulet)
HPRegen 0.05/turn               (no ring)
MPRegen 0.10/turn               (no ring)

@: no status effects
A: reduced essence, beak, talons 3
a: Renounce Religion, Recall Ancestor, Ancestor Identity


You were on level 2 of the Dungeon.
You worshipped Hepliaklqana.
Hepliaklqana was aware of your devotion.
You visited 1 branch of the dungeon, and saw 2 of its levels.

You collected 50 gold pieces.

Inventory:

Hand Weapons
 k - a +0 mace (weapon)
Armour
 a - a +0 robe (worn)
Scrolls
 c - 3 scrolls of identify
 d - a scroll of immolation
 g - a scroll of enchant weapon {unknown}
 h - a scroll of amnesia {unknown}
 l - a scroll of teleportation {unknown}
 n - a scroll of blinking {unknown}
 o - a scroll of poison {unknown}
Potions
 b - a potion of magic
 e - 2 potions of curing {unknown}
 f - 2 potions of might {unknown}
 i - a potion of degeneration {unknown}
 j - 2 potions of brilliance {unknown}
 m - a potion of ambrosia {unknown}


   Skills:
 + Level 2.3 Dodging
 + Level 2.2 Stealth
 + Level 2.1 Spellcasting
 + Level 6.2 Conjurations


You had 5 spell levels left.
You knew the following spells:

 Your Spells              Type           Power      Damage    Failure   Level
a - Magic Dart            Conj           100%       1d8       1%          1

Your spell library contained the following spells:

 Spells                   Type           Power      Damage    Failure   Level
 Searing Ray              Conj           54%        2d6       1%          2
 Shock                    Conj/Air       56%        1d6       4%          1
 Dazzling Flash           Conj/Hex       28%        N/A       13%         3
 Fulminant Prism          Conj/Hex       7%         3d7       41%         4
 Iskenderun's Mystic Bla  Conj/Tloc      14%        2d5       41%         4
 Swiftness                Air            2%         N/A       43%         3
 Airstrike                Air            1%         2d(1-17)  83%         4


Dungeon Overview and Level Annotations

Branches:
Dungeon (2/15)

Altars:
Hepliaklqana


Innate Abilities, Weirdness & Mutations

Your life essence is reduced to manifest your ancestor. (-10% HP)
You have a beak for a mouth.
You have claws for feet.


Message History

The magic dart hits the kobold.
You kill the kobold!
Things that are here:
a +0 short sword; 2 stones You open the door.
A jelly and 3 endoplasms come into view.
The jelly quivers.
Found a hobgoblin skeleton.
Casting: Magic Dart (safe; 1% risk of failure)
Confirm with . or Enter, or press ? or * to list all spells.
Aiming: Magic Dart (safe; 1% risk of failure)
Press: ? - help, Shift-Dir - straight line, f - endoplasm
Aim: an endoplasm (asleep, ally target, 100% to hit)
The magic dart hits the endoplasm but does no damage.
The endoplasm quivers.
Casting: Magic Dart (safe; 1% risk of failure)
Confirm with . or Enter, or press ? or * to list all spells.
Aiming: Magic Dart (safe; 1% risk of failure)
Press: ? - help, Shift-Dir - straight line, f/p - endoplasm
Aim: an endoplasm (ally target, 100% to hit)
The magic dart hits the endoplasm.
The endoplasm is moderately wounded.
The endoplasm closely misses you.
Casting: Magic Dart (safe; 1% risk of failure)
Confirm with . or Enter, or press ? or * to list all spells.
Aiming: Magic Dart (safe; 1% risk of failure)
Press: ? - help, Shift-Dir - straight line, f/p - endoplasm
Aim: an endoplasm (moderately wounded, ally target, 100% to hit)
The magic dart hits the endoplasm.
The endoplasm is severely wounded.
The endoplasm freezes you.
You are frozen.
You hit the endoplasm.
You kill the endoplasm!
You hit the jelly.
Your hands burn!
You claw the jelly.
The jelly is heavily wounded.
The jelly hits you but does no damage. The jelly hits you.
You are splashed with acid!
Ouch! That really hurt!
You die...

......# ......#
......# ......#
......# #'#####
###### #.# ########
#..J.รท. #.#
#####..)...##J.P..P.
#.###.##.......#@#
#...#.').......#R#
#.#...)).......#.#
#.###.)......#'#.#
#.# #.##.....#.#.#
#.# #####....#R#.#
#.. #######.## ###
###


You could see the friendly Ankherfenedjef the ancestor, a jelly (ally target)
and an endoplasm (asleep).

Vanquished Creatures
  A dart slug (D:1)
  A ball python (D:1)
  3 endoplasms
  A goblin (D:1)
  11 kobolds
  A quokka (D:1)
  2 bats (D:1)
  A frilled lizard (D:1)
  2 rats
23 creatures vanquished.

Vanquished Creatures (collateral kills)
  A kobold (D:2)
1 creature vanquished.

Vanquished Creatures (others)
  An ancestor (D:2)
  7 toadstools (D:2)
8 creatures vanquished.

Grand Total: 32 creatures vanquished

Notes
Turn   | Place    | Note
-------+----------+-------------------------------------------
     0 | D:1      | eriqlaplus the Tengu Conjurer began the quest for the Orb.
     0 | D:1      | Reached XP level 1. HP: 10/10 MP: 4/4
   361 | D:1      | Reached XP level 2. HP: 15/15 MP: 3/6
   555 | D:1      | Found a faded altar of an unknown god.
   611 | D:1      | Reached skill level 6 in Conjurations
   633 | D:1      | Prayed at the altar of an unknown god.
   633 | D:1      | Became a worshipper of Hepliaklqana the Forgotten
   633 | D:1      | Reached * piety under Hepliaklqana
  1417 | D:2      | Reached XP level 3. HP: 15/17 MP: 0/7
  1525 | D:2      | Splashed by a jelly's acid

Illustrated notes

Levels and vault maps discovered:
D:1:      minmay_arrival_wavy_path, layout_loops_corners,
          chequers_ecumenical_altar_simple
D:2:      cheibrodos_fertilizer, layout_basic, minivault_19, grunt_ministairs_2

Skill      XL: |  1  2 |
---------------+-------+-----
Conjurations   | 6 |  6.2
Dodging        | |  2.3
Stealth        | |  2.2
Spellcasting   | |  2.1

Action                   || total
-------------------------++-------
Melee: Mace              ||     4
       Kick              ||     2
       Peck              ||     1
 Cast: Magic Dart        ||    37
  Use: Scroll            ||     1
Armor: Robe              ||     1
Dodge: Dodged            ||     7
